 Dungeon Sprint DCSS version 0.19.0-24-gb05acd6 (webtiles) character file.

9700000 Kadarus the Axe Maniac (level 27, -91/323 HPs)
             Began as a Demonspawn Warper on Nov 20, 2016.
             Was the Champion of Makhleb.
             Annihilated by The Servant
             ... wielding a +9 glaive of flaming
              (131 damage)
             ... in the Dungeon (Sprint VIII: "Arena of Blood").
             The game lasted 00:06:42 (97 turns).

Kadarus the Axe Maniac (Demonspawn Warper)            Turns: 97, Time: 00:06:42

Health: -91/323    AC:  6    Str: 13    XL:     27
Magic:  0/54       EV: 38    Int: 16    God:    Makhleb [******]
Gold:   0          SH:  0    Dex: 29    Spells: 0 memorised, 80 levels left

rFire  + . .     SeeInvis +     k - +∞ Axe of Woe
rCold  . . .     Gourm    .     a - +0 leather armour
rNeg   . . .     Faith    .     (shield currently unavailable)
rPois  .         Spirit   +     (no helmet)
rElec  .         Reflect  .     (no cloak)
rCorr  .         Harm     .     (gloves unavailable)
MR     ++...     NoTele   +     (no boots)
Stlth  ++++++++++               (no amulet)
                                m - ring of protection from fire
                                l - ring of see invisible

@: no status effects
A: claws 3, thin skeletal structure 3, foul stench 2, robust 3, magic shield,
magic regeneration, magic link, rot immunity
a: Minor Destruction, Lesser Servant of Makhleb, Major Destruction, Greater
Servant of Makhleb, Renounce Religion


You were in the Dungeon.
You worshipped Makhleb.
Makhleb was exalted by your worship.
You were not hungry.

You visited 1 branch

Inventory:

Hand Weapons
 k - the +∞ Axe of Woe (weapon)
   (You found it in the Dungeon)
Missiles
 d - 5 tomahawks of dispersal (quivered)
Armour
 a - a +0 leather armour (worn)
Jewellery
 l - a ring of see invisible (left claw)
 m - a ring of protection from fire (right claw)
Scrolls
 c - 2 scrolls of blinking
Potions
 e - a potion of curing
 g - a potion of heal wounds
 h - a potion of haste
 i - 2 potions of magic
 j - a potion of berserk rage
Books
 b - a book of Spatial Translocations

   Spells                             Type                      Level
   a - Blink                          Translocation                2
   b - Shroud of Golubria             Charms/Translocation         2
   c - Lesser Beckoning               Translocation                3
   d - Portal Projectile              Translocation                3
   e - Teleport Other                 Translocation                3
   f - Passage of Golubria            Translocation                4
Comestibles
 f - a bread ration


   Skills:
 O Level 27 Fighting
 O Level 27 Axes
 O Level 27 Throwing
 O Level 27 Armour
 O Level 27 Dodging
 O Level 27 Stealth
 O Level 27 Unarmed Combat
 O Level 27 Spellcasting
   Level 2.6 Translocations
 O Level 27 Invocations


You had 80 spell levels left.
You didn't know any spells.

Dungeon Overview and Level Annotations

Branches:
Dungeon (1/1)

Altars:
Makhleb

Annotations:
D The Servant


Innate Abilities, Weirdness & Mutations

You have claws for hands.
You have an unnaturally thin skeletal structure. (Dex +6, Stealth++)
You frequently emit foul miasma when damaged in melee.
You are extremely robust. (+30% HP)
When hurt, damage is shared between your health and your magic reserves.
You regenerate magic rapidly.
When low on magic, you restore magic in place of health.
You are immune to rotting.


Message History

The eight-headed meat hydra calls on the powers of darkness!
The eight-headed meat hydra convulses!
The bag of meat convulses! x4
The Servant convulses!
Your body is wracked with pain!
* * * LOW HITPOINT WARNING * * *
You hear a shout!
The accursed appears out of thin air!
An accursed comes into view.
The accursed hits you!!
* * * LOW HITPOINT WARNING * * *
You slice the accursed!! You chop the accursed into pieces.
You destroy the accursed!
Makhleb accepts your kill.
You feel better.
You feel extremely nervous for a moment...
Your body is wracked with pain!
* * * LOW HITPOINT WARNING * * *
Your life force feels restored.
You hear a shout! x6
The Servant hits you from afar with a +9 glaive of flaming!!!!
You die...

#..).....#..%......
#.o).M....#........
#oz)..D......#%....
#Xx.......#......##
#.o..#....... .....
#.xoX##.oO.. ..
#o§@..#..... .
#.x....###. .
#.@W..## #....#....
.. #....#.... ...
#...M.... .##
#....... #.........
#.........
#........#


You could see 2 accurseds, The Servant, an eight-headed meat hydra, a sculptor
of flesh, 2 large abominations, a wretched soul (invisible), a meat berserker
(berserk), 2 small abominations, 5 bags of meat and a crawling corpse.

Vanquished Creatures
  2 hell beasts (D)
  A greater mummy (D)
  10 vampire knights (D)
  23 ogres (D)
  2 liches (D)
  72 orcs (D)
  5 hill giants (D)
  2 skeletal warriors (D)
  3 large abominations (D)
  A small abomination (D)
  2 crawling corpses (D)
123 creatures vanquished.

Vanquished Creatures (others)
  A small abomination (D)
  5 crawling corpses (D)
6 creatures vanquished.

Grand Total: 129 creatures vanquished

Notes
Turn   | Place    | Note
-------+----------+-------------------------------------------
     0 | D        | Kadarus the Demonspawn Warper began the quest for the Orb.
     0 | D        | Reached XP level 1. HP: 16/16 MP: 3/3
     3 | D        | Noticed a bag of meat
     4 | D        | Became a worshipper of Makhleb the Destroyer
     5 | D        | Noticed a meat berserker
     7 | D        | Noticed a bag of meat
     7 | D        | Noticed a bag of meat
     7 | D        | Killed a bag of meat
     7 | D        | Gained mutation: You have sharp fingernails. [demonic ancestry]
     7 | D        | Reached XP level 2. HP: 22/22 MP: 5/5
     7 | D        | Reached XP level 3. HP: 27/27 MP: 6/6
     7 | D        | Gained mutation: You have a somewhat thin skeletal structure. (Dex +2, Stealth) [demonic ancestry]
     7 | D        | Reached XP level 4. HP: 33/33 MP: 7/7
     7 | D        | Gained mutation: You have a moderately thin skeletal structure. (Dex +4, Stealth+) [demonic ancestry]
     7 | D        | Reached XP level 5. HP: 38/38 MP: 8/8
     7 | D        | Reached XP level 6. HP: 44/44 MP: 9/9
     7 | D        | Gained mutation: You are immune to rotting. [demonic ancestry]
     7 | D        | Reached XP level 7. HP: 50/50 MP: 10/10
     7 | D        | Reached XP level 8. HP: 56/56 MP: 11/11
     7 | D        | Reached XP level 9. HP: 61/61 MP: 12/12
     7 | D        | Gained mutation: When hurt, damage is shared between your health and your magic reserves. [demonic ancestry]
     7 | D        | Reached XP level 10. HP: 67/67 MP: 13/13
     7 | D        | Reached XP level 11. HP: 72/72 MP: 14/14
     8 | D        | Noticed a meat berserker
     8 | D        | Noticed a bag of meat
    10 | D        | Noticed a bag of meat
    10 | D        | Killed a meat berserker
    10 | D        | Reached * piety under Makhleb
    10 | D        | Reached skill level 27 in Axes
    10 | D        | Reached XP level 12. HP: 92/113 MP: 12/15
    10 | D        | Gained mutation: You have very sharp fingernails. [demonic ancestry]
    10 | D        | Reached XP level 13. HP: 97/119 MP: 12/16
    10 | D        | Killed a bag of meat
    10 | D        | Gained mutation: You regenerate magic rapidly. [demonic ancestry]
    10 | D        | Reached XP level 14. HP: 112/138 MP: 12/17
    11 | D        | Noticed a bag of meat
    11 | D        | Noticed a bag of meat
    11 | D        | Killed a meat berserker
    11 | D        | Reached XP level 15. HP: 128/158 MP: 12/18
    14 | D        | Noticed a meat berserker
    14 | D        | Noticed a meat berserker
    14 | D        | Killed a meat berserker
    14 | D        | Reached ** piety under Makhleb
    14 | D        | Reached skill level 27 in Fighting
    14 | D        | Gained mutation: You have claws for hands. [demonic ancestry]
    14 | D        | Reached XP level 16. HP: 137/167 MP: 13/19
    15 | D        | Noticed a large bag of meat
    15 | D        | Noticed a meat berserker
    15 | D        | Noticed a meat berserker
    16 | D        | Noticed a meat berserker
    18 | D        | Noticed a meat berserker
    18 | D        | Killed a meat berserker
    18 | D        | Reached *** piety under Makhleb
    18 | D        | Reached skill level 27 in Dodging
    18 | D        | Reached skill level 10 in Stealth
    18 | D        | Reached XP level 17. HP: 13/174 MP: 1/20
    19 | D        | Killed a meat berserker
    19 | D        | Reached **** piety under Makhleb
    19 | D        | Gained mutation: You may emit foul miasma when damaged in melee. [demonic ancestry]
    19 | D        | Reached XP level 18. HP: 95/182 MP: 1/21
    19 | D        | Reached skill level 27 in Stealth
    20 | D        | Killed a meat berserker
    20 | D        | Reached XP level 19. HP: 189/189 MP: 1/22
    20 | D        | Reached ***** piety under Makhleb
    21 | D        | Killed a meat berserker
    21 | D        | Reached skill level 27 in Armour
    21 | D        | Reached skill level 10 in Throwing
    21 | D        | Reached skill level 10 in Unarmed Combat
    21 | D        | Reached skill level 10 in Spellcasting
    22 | D        | Gained mutation: When low on magic, you restore magic in place of health. [demonic ancestry]
    22 | D        | Reached XP level 20. HP: 197/197 MP: 2/37
    23 | D        | Reached skill level 15 in Unarmed Combat
    23 | D        | Reached skill level 15 in Spellcasting
    23 | D        | Reached skill level 15 in Throwing
    23 | D        | Killed a meat berserker
    24 | D        | Noticed a meat berserker
    25 | D        | Noticed a meat berserker
    27 | D        | Reached ****** piety under Makhleb
    27 | D        | Gained mutation: You frequently emit foul miasma when damaged in melee. [demonic ancestry]
    27 | D        | Reached XP level 21. HP: 139/204 MP: 3/44
    27 | D        | Reached skill level 27 in Invocations
    29 | D        | Noticed a destroyer
    29 | D        | Gained mutation: You have an unnaturally thin skeletal structure. (Dex +6, Stealth++) [demonic ancestry]
    29 | D        | Reached XP level 22. HP: 212/212 MP: 4/51
    30 | D        | Reached skill level 27 in Throwing
    30 | D        | Reached skill level 27 in Unarmed Combat
    30 | D        | Reached skill level 27 in Spellcasting
    31 | D        | Noticed The Servant
    32 | D        | Reached XP level 23. HP: 219/219 MP: 7/54
    32 | D        | Killed a destroyer
    34 | D        | Noticed a destroyer
    35 | D        | Noticed a destroyer
    38 | D        | Noticed a destroyer
    38 | D        | Noticed a destroyer
    41 | D        | Killed a destroyer
    41 | D        | Gained mutation: You are robust. (+10% HP) [demonic ancestry]
    41 | D        | Reached XP level 24. HP: 219/249 MP: 14/54
    43 | D        | Noticed a destroyer
    44 | D        | Killed a destroyer
    48 | D        | Noticed an accursed
    48 | D        | Gained mutation: You are very robust. (+20% HP) [demonic ancestry]
    48 | D        | Reached XP level 25. HP: 228/280 MP: 6/54
    48 | D        | Killed a destroyer
    49 | D        | Noticed an accursed
    50 | D        | Noticed a tyrant
    51 | D        | Gained mutation: You are extremely robust. (+30% HP) [demonic ancestry]
    51 | D        | Reached XP level 26. HP: 280/314 MP: 7/54
    51 | D        | Killed a destroyer
    53 | D        | Killed a destroyer
    55 | D        | Reached XP level 27. HP: 323/323 MP: 10/54
    57 | D        | Noticed a tyrant
    57 | D        | Noticed a destroyer
    58 | D        | Killed a tyrant
    59 | D        | Noticed an accursed
    60 | D        | Noticed an accursed
    61 | D        | Noticed a destroyer
    63 | D        | Noticed a destroyer
    64 | D        | Killed a destroyer
    65 | D        | Noticed a destroyer
    67 | D        | Noticed a meat beast
    67 | D        | Killed a destroyer
    67 | D        | Killed a destroyer
    70 | D        | Killed a meat beast
    70 | D        | Killed a destroyer
    77 | D        | Noticed a tyrant
    82 | D        | Noticed a meat beast
    84 | D        | Killed a meat beast
    93 | D        | Killed a tyrant
    95 | D        | Noticed an accursed
    96 | D        | HP: 11/323 [accursed (29)]
    97 | D        | Noticed an accursed
    97 | D        | Killed an accursed
    97 | D        | Annihilated by The Servant

Skill      XL: |  1  2  3  4  5  6  7  8  9 10 11 12 13 14 15 16 17 18 19 20 21 22 |
---------------+-------------------------------------------------------------------+-----
Axes           | 23 27 | 27.0
Fighting       | 16 21 26 27 | 27.0
Dodging        | 21 27 | 27.0
Stealth        | 10 26 27 | 27.0
Armour         | 23 27 | 27.0
Throwing       | 13 19 25 27 | 27.0
Unarmed Combat | 13 19 25 27 | 27.0
Spellcasting   | 13 19 25 27 | 27.0
Invocations    | 18 25 27 | 27.0
Translocations | |  2.6

Action                   |  1- 3 |  4- 6 |  7- 9 | 10-12 | 13-15 | 16-18 | 19-21 | 22-24 | 25-27 || total
-------------------------+-------+-------+-------+-------+-------+-------+-------+-------+-------++-------
Melee: Executioner's axe |     1 |       |       |     1 |     2 |     3 |     5 |     7 |    21 ||    40
 Stab: Distracted        |       |       |       |       |       |       |       |       |     1 ||     1
Dodge: Dodged            |       |       |       |       |       |     1 |     5 |     3 |    13 ||    22
